[Event "Weekend Groninger Combinatie 2019"]
[Site "Groningen"]
[Date "2019.05.31"]
[Round "3.9"]
[White "De Boer, Eelke"]
[Black "Aden, Meino"]
[Result "1-0"]
[ECO "C14"]
[WhiteElo "2333"]
[BlackElo "1921"]
[Annotator "ChessBase"]
[PlyCount "75"]
[EventDate "2019.05.30"]
[EventType "swiss"]
[EventCountry "NED"]
[SourceTitle "playchess.com"]
[Source "ChessBase"]
[SourceQuality "1"]
[TimeControl "5400+30"]

1. e4 e6 2. d4 d5 3. Nc3 Nf6 4. Bg5 Be7 5. e5 Nfd7 6. Bxe7 Qxe7 7. f4 a6 8. Nf3 c5 9. Qd2 Nc6 10. dxc5 Nxc5 11. a3 b5 12. b4 Nd7 13. Bd3 Nb6 14. Ne2 Nc4 15. Bxc4 dxc4 16. Ned4 Nxd4 17. Nxd4 Bb7 18. O-O O-O 19. Qe3 Rfd8 20. c3 Qd7 21. a4 Qd5 22. Rf2 a5 23. Nxb5 Qd7 24. Nd6 axb4 25. cxb4 Rxa4 26. Rxa4 Qxa4 27. Nxb7 Rd1+ 28. Rf1 Rxf1+ 29. Kxf1 Qxb4 30. Qd4 h6 31. Nd6 Qb1+ 32. Kf2 Qc2+ 33. Kg3 Qb3+ 34. Kh4 c3 35. Qa7 Qc2 36. Qxf7+ Kh7 37. Ne8 Qg6 38. Nf6+ 1-0

[Event "Weekend Groninger Combinatie 2019"]
[Site "Groningen"]
[Date "2019.05.31"]
[Round "3.10"]
[White "Van t Veld, Menno"]
[Black "Hilwerda, Jonas"]
[Result "0-1"]
[ECO "C55"]
[WhiteElo "1901"]
[BlackElo "2317"]
[Annotator "ChessBase"]
[PlyCount "56"]
[EventDate "2019.05.30"]
[EventType "swiss"]
[EventCountry "NED"]
[SourceTitle "playchess.com"]
[Source "ChessBase"]
[SourceQuality "1"]
[TimeControl "5400+30"]

1. e4 e5 2. Nf3 Nc6 3. Bc4 Nf6 4. d3 h6 5. c3 d6 6. a4 g6 7. h3 Bg7 8. Nbd2 O-O 9. O-O Kh8 10. Re1 d5 11. exd5 Nxd5 12. Nf1 f5 13. Ng3 Be6 14. Bb5 Nde7 15. d4 e4 16. Bf4 a6 17. Bxc6 Nxc6 18. Ne5 Nxe5 19. Bxe5 Bxe5 20. dxe5 Qe7 21. f3 Qg5 22. Kh2 Rad8 23. Qc1 Rd2 24. Re2 Rfd8 25. Qe1 exf3 26. gxf3 Bc4 27. Rxd2 Rxd2+ 28. Kh1 Bd5 0-1

[Event "Weekend Groninger Combinatie 2019"]
[Site "Groningen"]
[Date "2019.06.01"]
[Round "4.1"]
[White "Maris, Ivo"]
[Black "Elgersma, Simon"]
[Result "1-0"]
[ECO "A14"]
[WhiteElo "2386"]
[BlackElo "2088"]
[Annotator "ChessBase"]
[PlyCount "65"]
[EventDate "2019.05.30"]
[EventType "swiss"]
[EventCountry "NED"]
[SourceTitle "playchess.com"]
[Source "ChessBase"]
[SourceQuality "1"]
[TimeControl "5400+30"]

1. c4 e6 2. g3 Nf6 3. Bg2 d5 4. Nf3 Be7 5. O-O O-O 6. b3 b6 7. Bb2 c5 8. e3 Nc6 9. Qe2 Ba6 10. Nc3 Rc8 11. d3 Qd7 12. Rad1 Rfd8 13. Nb5 Bxb5 14. cxb5 Na5 15. a4 a6 16. Ne5 Qe8 17. d4 axb5 18. axb5 Nxb3 19. dxc5 bxc5 20. g4 c4 21. g5 Nd7 22. Nc6 Rxc6 23. bxc6 Nb6 24. c7 Rd7 25. f4 Bd6 26. Rf3 g6 27. Rh3 Rxc7 28. Bf6 Nd7 29. Bc3 Bf8 30. f5 exf5 31. Bxd5 Nb6 32. Qf3 Rd7 33. Rxh7 1-0

[Event "Weekend Groninger Combinatie 2019"]
[Site "Groningen"]
[Date "2019.06.01"]
[Round "4.2"]
[White "Ernst, Sipke"]
[Black "Duijker, Rick"]
[Result "1-0"]
[ECO "D60"]
[WhiteElo "2540"]
[BlackElo "2164"]
[Annotator "ChessBase"]
[PlyCount "71"]
[EventDate "2019.05.30"]
[EventType "swiss"]
[EventCountry "NED"]
[SourceTitle "playchess.com"]
[Source "ChessBase"]
[SourceQuality "1"]
[TimeControl "5400+30"]

1. Nf3 Nf6 2. c4 e6 3. Nc3 d5 4. d4 Be7 5. Bg5 O-O 6. e3 Nbd7 7. Bd3 dxc4 8. Bxc4 c5 9. O-O a6 10. a4 b6 11. Qe2 Bb7 12. Rfd1 Nd5 13. Bxe7 Nxc3 14. bxc3 Qxe7 15. e4 Nf6 16. Bd3 Bc6 17. Ne5 Qb7 18. f3 cxd4 19. cxd4 Rfc8 20. Rdb1 Nd7 21. Nc4 Qc7 22. e5 b5 23. Nd6 Rcb8 24. Qc2 Qb6 25. Bxh7+ Kf8 26. Kh1 g6 27. Bxg6 fxg6 28. Qxg6 Ke7 29. Qg5+ Kf8 30. Qh6+ Ke7 31. Qh4+ Kf8 32. a5 Qa7 33. Rc1 Rc8 34. Qh8+ Ke7 35. Nxc8+ Rxc8 36. Qxc8 1-0

[Event "Weekend Groninger Combinatie 2019"]
[Site "Groningen"]
[Date "2019.06.01"]
[Round "4.3"]
[White "Wempe, Joost"]
[Black "Hoeksema, Hendrik Pieter"]
[Result "1/2-1/2"]
[ECO "E04"]
[WhiteElo "2261"]
[BlackElo "2349"]
[Annotator "ChessBase"]
[PlyCount "45"]
[EventDate "2019.05.30"]
[EventType "swiss"]
[EventCountry "NED"]
[SourceTitle "playchess.com"]
[Source "ChessBase"]
[SourceQuality "1"]
[TimeControl "5400+30"]

1. d4 Nf6 2. c4 e6 3. g3 d5 4. Nf3 dxc4 5. Bg2 a6 6. O-O b5 7. Ne5 Nd5 8. b3 cxb3 9. Qxb3 Bb7 10. Nc3 Nxc3 11. Qxc3 Bxg2 12. Kxg2 Qd5+ 13. f3 Bd6 14. e4 Qb7 15. d5 exd5 16. Ng4 O-O 17. Nf6+ gxf6 18. Qxf6 Nd7 19. Qf5 Ne5 20. Bh6 f6 21. f4 Ng6 22. Bxf8 Bxf8 23. exd5 1/2-1/2

[Event "Weekend Groninger Combinatie 2019"]
[Site "Groningen"]
[Date "2019.06.01"]
[Round "4.4"]
[White "Keuning, Selwin"]
[Black "Zwirs, Nico"]
[Result "0-1"]
[ECO "C46"]
[WhiteElo "2070"]
[BlackElo "2386"]
[Annotator "ChessBase"]
[PlyCount "66"]
[EventDate "2019.05.30"]
[EventType "swiss"]
[EventCountry "NED"]
[SourceTitle "playchess.com"]
[Source "ChessBase"]
[SourceQuality "1"]
[TimeControl "5400+30"]

1. e4 e5 2. Nf3 Nc6 3. Nc3 g6 4. d4 exd4 5. Nxd4 Bg7 6. Be3 Nf6 7. Bc4 O-O 8. f3 Re8 9. O-O Na5 10. Be2 d5 11. Bg5 h6 12. Bh4 c5 13. Nb3 g5 14. Bf2 d4 15. Nb5 Nxb3 16. axb3 a6 17. Na3 Nh5 18. g3 Be6 19. Qd2 Qc7 20. Rfe1 Rad8 21. Bf1 b5 22. Rad1 Be5 23. Bg2 Ng7 24. Nb1 f6 25. Qc1 h5 26. Nd2 h4 27. Nf1 hxg3 28. Nxg3 Kf7 29. Re2 Rh8 30. Be1 Nh5 31. Nf1 Nf4 32. Red2 Nxg2 33. Rxg2 Bh3 0-1

[Event "Weekend Groninger Combinatie 2019"]
[Site "Groningen"]
[Date "2019.06.01"]
[Round "4.5"]
[White "Noordenbos, Daan"]
[Black "De Boer, Eelke"]
[Result "0-1"]
[ECO "B94"]
[WhiteElo "2033"]
[BlackElo "2333"]
[Annotator "ChessBase"]
[PlyCount "90"]
[EventDate "2019.05.30"]
[EventType "swiss"]
[EventCountry "NED"]
[SourceTitle "playchess.com"]
[Source "ChessBase"]
[SourceQuality "1"]
[TimeControl "5400+30"]

1. e4 c5 2. Nf3 d6 3. d4 cxd4 4. Nxd4 Nf6 5. Nc3 a6 6. Bg5 Nbd7 7. f4 Qa5 8. Qf3 h6 9. Bxf6 Nxf6 10. f5 g5 11. O-O-O Bg7 12. Bc4 Bd7 13. e5 Qxe5 14. Qxb7 O-O 15. Rhe1 Qc5 16. Bb3 a5 17. Rxe7 Ra7 18. Qf3 a4 19. Rxd7 Nxd7 20. Nxa4 Rxa4 21. Bxa4 Bxd4 22. Bxd7 Qa7 23. Bb5 Rb8 24. Qd5 Be5 25. h3 Qa5 26. a4 Qb4 27. c3 Qf4+ 28. Kb1 Qxf5+ 29. Ka2 Qf6 30. Rf1 Qe7 31. Re1 Kg7 32. Re2 Rc8 33. Qb3 Qf6 34. Re3 Rc7 35. Rf3 Qe7 36. Bc4 Bf6 37. Bb5 Qe4 38. Bd3 Qe1 39. Qd5 Bxc3 40. Qe4 Qd2 41. Bc2 Be5 42. Rxf7+ Rxf7 43. Qh7+ Kf8 44. Qxh6+ Ke7 45. Qg6 Qc1 0-1

[Event "Weekend Groninger Combinatie 2019"]
[Site "Groningen"]
[Date "2019.06.01"]
[Round "4.6"]
[White "Hilwerda, Jonas"]
[Black "Bosboom, Ardin"]
[Result "1-0"]
[ECO "B06"]
[WhiteElo "2317"]
[BlackElo "1965"]
[Annotator "ChessBase"]
[PlyCount "85"]
[EventDate "2019.05.30"]
[EventType "swiss"]
[EventCountry "NED"]
[SourceTitle "playchess.com"]
[Source "ChessBase"]
[SourceQuality "1"]
[TimeControl "5400+30"]

1. e4 g6 2. d4 Bg7 3. Nc3 d6 4. g3 Nd7 5. Bg2 c5 6. Nge2 Rb8 7. a4 b6 8. O-O Bb7 9. d5 h5 10. Bg5 a6 11. Kh1 Ne5 12. f4 Ng4 13. Qd2 h4 14. Bxh4 Bf6 15. Bf3 Qc8 16. Bxf6 N8xf6 17. h4 Qd7 18. Ng1 Bc8 19. Bg2 b5 20. axb5 axb5 21. Qe1 b4 22. Nd1 Bb7 23. Nh3 Qb5 24. Ndf2 Qc4 25. Nxg4 Nxg4 26. Bf3 Nf6 27. Rf2 Bc8 28. Ng5 Ng4 29. Rd2 f6 30. Be2 Qxe2 31. Qxe2 fxg5 32. fxg5 Ne5 33. Qf1 Bg4 34. Rf2 Bd7 35. Ra5 Bg4 36. Ra7 Bd7 37. Ra5 Bg4 38. Rf4 Bd7 39. Qa1 Kd8 40. Ra7 Rc8 41. Qa5+ Ke8 42. Ra8 Rd8 43. Rxd8# 1-0

[Event "Weekend Groninger Combinatie 2019"]
[Site "Groningen"]
[Date "2019.06.01"]
[Round "4.7"]
[White "Villwock, Martin"]
[Black "Wuijts, Johan"]
[Result "0-1"]
[ECO "A85"]
[WhiteElo "2180"]
[BlackElo "1969"]
[Annotator "ChessBase"]
[PlyCount "64"]
[EventDate "2019.05.30"]
[EventType "swiss"]
[EventCountry "NED"]
[SourceTitle "playchess.com"]
[Source "ChessBase"]
[SourceQuality "1"]
[TimeControl "5400+30"]

1. d4 e6 2. c4 f5 3. Nc3 Nf6 4. f3 Bb4 5. Bd2 O-O 6. a3 Bxc3 7. Bxc3 d6 8. Qc2 Qe7 9. e3 e5 10. O-O-O c5 11. Ne2 a6 12. Ng3 cxd4 13. exd4 Nc6 14. d5 Nd8 15. c5 Nf7 16. Nxf5 Bxf5 17. Qxf5 dxc5 18. f4 exf4 19. Qxf4 Qe4 20. Qg3 Nh5 21. Qh3 Nf4 22. Qd7 b5 23. Re1 Qxd5 24. Qg4 Ng6 25. h4 Nfe5 26. Qg3 Rae8 27. h5 Nf4 28. Rh4 Ned3+ 29. Bxd3 Nxd3+ 30. Kb1 Rxe1+ 31. Bxe1 Qb3 32. Bc3 Rf1+ {[%emt 0:08:35] Kc2} 0-1

[Event "Weekend Groninger Combinatie 2019"]
[Site "Groningen"]
[Date "2019.06.01"]
[Round "4.8"]
[White "Traetmar, Mattis"]
[Black "Colbow, Collin"]
[Result "0-1"]
[ECO "B76"]
[WhiteElo "1988"]
[BlackElo "2169"]
[Annotator "ChessBase"]
[PlyCount "100"]
[EventDate "2019.05.30"]
[EventType "swiss"]
[EventCountry "NED"]
[SourceTitle "playchess.com"]
[Source "ChessBase"]
[SourceQuality "1"]
[TimeControl "5400+30"]

1. e4 c5 2. Nf3 d6 3. d4 cxd4 4. Nxd4 Nf6 5. Nc3 g6 6. Be3 Bg7 7. f3 O-O 8. Qd2 Nc6 9. g4 Nxd4 10. Bxd4 Be6 11. O-O-O Qa5 12. Kb1 Rfc8 13. Nd5 Qxd2 14. Nxf6+ Bxf6 15. Rxd2 Bg5 16. Rd1 Bf4 17. h4 f6 18. Bd3 h6 19. b3 Kf7 20. Rdg1 Rf8 21. h5 g5 22. Bf2 a6 23. Bb6 Rfc8 24. Re1 Rc6 25. Be3 Be5 26. Ref1 Rac8 27. f4 gxf4 28. Bxf4 Bxf4 29. Rxf4 Rc5 30. a4 Rg5 31. Be2 Rc3 32. Rg1 Rh3 33. e5 dxe5 34. Rb4 f5 35. Rxb7 f4 36. Bxa6 f3 37. Bd3 Rxg4 38. Bg6+ Kf6 39. Rf1 e4 40. a5 e3 41. Bd3 Bd5 42. Rb5 Be4 43. Bc4 f2 44. a6 Rg1 45. Rb6+ Kg7 46. Re6 Bd5 47. Rxe7+ Kf6 48. Rb7 Bxc4 49. a7 e2 50. Rb6+ Be6 0-1

[Event "Weekend Groninger Combinatie 2019"]
[Site "Groningen"]
[Date "2019.06.01"]
[Round "4.9"]
[White "Van der Hagen, Loek"]
[Black "De Boer, Bas"]
[Result "1/2-1/2"]
[ECO "D12"]
[WhiteElo "1950"]
[BlackElo "2095"]
[Annotator "NA"]
[PlyCount "79"]
[EventDate "2019.05.30"]
[EventType "swiss"]
[EventCountry "NED"]
[SourceTitle "playchess.com"]
[Source "ChessBase"]
[SourceQuality "1"]
[TimeControl "5400+30"]

1. d4 d5 2. Nf3 Bf5 3. e3 e6 4. c4 c6 5. Nc3 Nf6 6. Nh4 Bg6 7. Nxg6 hxg6 8. Bd3 Nbd7 {[%emt 0:00:37] D12: Slav Defence: 3 Nf3 Nf6 4 e3 Bf5} (8... c5 9. Qb3 Qd7 10. cxd5 exd5 11. dxc5 Nc6 12. Bd2 Bxc5 13. Rc1 Rd8 14. Na4 Bd6 15. Nc5 Bxc5 16. Rxc5 {0-1 (34) Wojtaszek,R (2745)-Topalov,V (2741) Shamkir 2017}) 9. b3 Bd6 10. h3 e5 $146 ({Predecessor:} 10... Bb4 11. Bd2 e5 12. cxd5 exd4 13. Ne4 Bxd2+ 14. Qxd2 Nxe4 15. Bxe4 Nf6 16. Qxd4 cxd5 {½-½ (79) Zaja,S (1734)-Klaric,L (1590) Sveti Vid 2014}) 11. cxd5 cxd5 12. Nb5 Bb4+ 13. Bd2 Bxd2+ 14. Qxd2 O-O 15. O-O e4 16. Be2 a6 17. Nc3 Qe7 18. Rfc1 Rfc8 19. Rc2 Rc6 20. Rac1 $14 Rac8 21. Na4 Nb8 22. Rxc6 Nxc6 23. Rc2 Rd8 24. Qc1 Ne8 25. Rc5 Nc7 26. Nb6 Qg5 27. a4 Ne6 28. Rxc6 bxc6 29. Qxc6 a5 30. Qb5 Rb8 31. Qc6 Qd8 32. Nxd5 Rxb3 33. Nc3 Rb2 34. Qxe4 Qc7 35. Nd5 Qc1+ 36. Bf1 Qe1 37. Qf3 Rb1 38. Ne7+ Kf8 39. Nxg6+ Kg8 40. Ne7+ 1/2-1/2

[Event "Weekend Groninger Combinatie 2019"]
[Site "Groningen"]
[Date "2019.06.01"]
[Round "4.10"]
[White "Zuiderweg, Edwin"]
[Black "Nicolai, Amir"]
[Result "0-1"]
[ECO "B26"]
[WhiteElo "1958"]
[BlackElo "2095"]
[Annotator "NA"]
[PlyCount "44"]
[EventDate "2019.05.30"]
[EventType "swiss"]
[EventCountry "NED"]
[SourceTitle "playchess.com"]
[Source "ChessBase"]
[SourceQuality "1"]
[TimeControl "5400+30"]

1. e4 c5 2. Nc3 Nc6 3. g3 g6 4. Bg2 Bg7 5. d3 Rb8 6. Be3 d6 7. a4 a6 8. Qd2 e6 9. Nge2 b5 10. axb5 axb5 11. d4 b4 12. Na4 cxd4 13. Nxd4 Nge7 14. O-O $11 Ne5 15. Qe2 Qc7 16. Nb5 Qc6 17. Nb6 Rxb6 18. Bxb6 Qxb6 19. Ra7 O-O 20. Rxe7 Ba6 21. Ra1 Bxb5 22. Qd2 Bd7 0-1

[Event "Weekend Groninger Combinatie 2019"]
[Site "Groningen"]
[Date "2019.06.01"]
[Round "5.1"]
[White "Maris, Ivo"]
[Black "Ernst, Sipke"]
[Result "1/2-1/2"]
[ECO "A50"]
[WhiteElo "2386"]
[BlackElo "2540"]
[Annotator "ChessBase"]
[PlyCount "69"]
[EventDate "2019.05.30"]
[EventType "swiss"]
[EventCountry "NED"]
[SourceTitle "playchess.com"]
[Source "ChessBase"]
[SourceQuality "1"]
[TimeControl "5400+30"]

1. c4 b6 2. Nf3 Bb7 3. g3 g6 4. Bg2 Bg7 5. d4 Nf6 6. O-O O-O 7. Nc3 Ne4 8. Nxe4 Bxe4 9. Be3 d6 10. Qd2 Re8 11. Bh6 Bh8 12. Qf4 Bxf3 13. Qxf3 c6 14. Rad1 e6 15. Rfe1 a6 16. Qa3 Ra7 17. h4 Rd7 18. Qa4 b5 19. Qc2 d5 20. cxd5 cxd5 21. Bf4 Qb6 22. e3 Nc6 23. Rc1 Rc8 24. Qe2 Rdd8 25. Bf3 Bf6 26. Kg2 Ne7 27. Qd2 Kg7 28. Rxc8 Rxc8 29. Rc1 Rc6 30. Rc2 Rxc2 31. Qxc2 Nc6 32. Bg5 Bxg5 33. hxg5 Ne7 34. Be2 Qd6 35. a4 1/2-1/2

[Event "Weekend Groninger Combinatie 2019"]
[Site "Groningen"]
[Date "2019.06.01"]
[Round "5.2"]
[White "Zwirs, Nico"]
[Black "Colbow, Collin"]
[Result "1/2-1/2"]
[ECO "A42"]
[WhiteElo "2386"]
[BlackElo "2169"]
[Annotator "ChessBase"]
[PlyCount "72"]
[EventDate "2019.05.30"]
[EventType "swiss"]
[EventCountry "NED"]
[SourceTitle "playchess.com"]
[Source "ChessBase"]
[SourceQuality "1"]
[TimeControl "5400+30"]

1. c4 c5 2. Nf3 g6 3. d4 Bg7 4. e4 d6 5. dxc5 dxc5 6. Qxd8+ Kxd8 7. Nc3 Bxc3+ 8. bxc3 Nc6 9. Bf4 h6 10. Ne5 Nxe5 11. Bxe5 Nf6 12. Be2 Be6 13. f3 Kc8 14. a4 a5 15. Kd2 Rd8+ 16. Kc2 Kd7 17. Bf4 g5 18. Be3 Kc6 19. h4 Rg8 20. Rad1 Rac8 21. g4 b6 22. Rdg1 Rg6 23. e5 Nd7 24. f4 gxf4 25. Bxf4 Rcg8 26. h5 Rg5 27. Bxg5 Rxg5 28. Rh3 Nxe5 29. Rhg3 Nxc4 30. Bxc4 Bxc4 31. Kd2 b5 32. axb5+ Kxb5 33. Rb1+ Kc6 34. Ra1 Be6 35. Rxa5 Kb6 36. Ra8 Rxg4 1/2-1/2

[Event "Weekend Groninger Combinatie 2019"]
[Site "Groningen"]
[Date "2019.06.01"]
[Round "5.3"]
[White "Hoeksema, Hendrik Pieter"]
[Black "Wichtrup, Jan-Louis"]
[Result "1/2-1/2"]
[ECO "D37"]
[WhiteElo "2349"]
[BlackElo "2110"]
[Annotator "ChessBase"]
[PlyCount "94"]
[EventDate "2019.05.30"]
[EventType "swiss"]
[EventCountry "NED"]
[SourceTitle "playchess.com"]
[Source "ChessBase"]
[SourceQuality "1"]
[TimeControl "5400+30"]

1. Nf3 Nf6 2. c4 e6 3. Nc3 d5 4. d4 Be7 5. Bf4 O-O 6. e3 Nbd7 7. a3 c5 8. cxd5 Nxd5 9. Nxd5 exd5 10. dxc5 Nxc5 11. Be2 Bg4 12. O-O Bf6 13. Ne5 Bxe2 14. Qxe2 Qe7 15. Ng4 Ne6 16. Nxf6+ Qxf6 17. Bg3 a6 18. Rfd1 Rfd8 19. Rac1 Rac8 20. Rxc8 Rxc8 21. h3 Qf5 22. Qd3 Qxd3 23. Rxd3 Rd8 24. Be5 f6 25. Bc3 Kf7 26. f3 Rd7 27. g4 h6 28. Kg2 Nd8 29. e4 Ke6 30. f4 dxe4 31. f5+ Ke7 32. Bb4+ Ke8 33. Rxd7 Kxd7 34. Bf8 Nf7 35. Bxg7 Ke7 36. Kf2 Ng5 37. Bxh6 Nxh3+ 38. Ke3 Kd6 39. Kxe4 Nf2+ 40. Kf3 Nd3 41. b3 Ke5 42. Ke3 Nc5 43. b4 Ne4 44. Bg7 Nd6 45. Kd3 Ne4 46. Ke3 Nd6 47. Kd3 Ne4 1/2-1/2

[Event "Weekend Groninger Combinatie 2019"]
[Site "Groningen"]
[Date "2019.06.01"]
[Round "5.4"]
[White "De Boer, Eelke"]
[Black "Nicolai, Amir"]
[Result "1/2-1/2"]
[ECO "B33"]
[WhiteElo "2333"]
[BlackElo "2095"]
[Annotator "ChessBase"]
[PlyCount "111"]
[EventDate "2019.05.30"]
[EventType "swiss"]
[EventCountry "NED"]
[SourceTitle "playchess.com"]
[Source "ChessBase"]
[SourceQuality "1"]
[TimeControl "5400+30"]

1. e4 c5 2. Nf3 Nc6 3. d4 cxd4 4. Nxd4 Nf6 5. Nc3 e5 6. Ndb5 d6 7. Bg5 a6 8. Na3 b5 9. Nd5 Be7 10. Bxf6 Bxf6 11. c3 Ne7 12. Nxf6+ gxf6 13. Bd3 Bb7 14. Qe2 Qb6 15. Nc2 d5 16. O-O-O O-O-O 17. exd5 Nxd5 18. Be4 Nf4 19. Qf3 Kb8 20. g3 Bxe4 21. Qxe4 Nh3 22. Qe3 Qxe3+ 23. fxe3 Nf2 24. Rxd8+ Rxd8 25. Rf1 Ne4 26. Nb4 Kb7 27. Rd1 Rxd1+ 28. Kxd1 a5 29. Nd5 Kc6 30. Ne7+ Kc5 31. Ke2 a4 32. Kd3 Nf2+ 33. Kd2 Ng4 34. Ng8 Nxh2 35. Nxf6 Nf1+ 36. Ke2 Nxg3+ 37. Kf3 Nf5 38. Nxh7 Nd6 39. Nf6 Kc4 40. Ke2 a3 41. bxa3 Kxc3 42. Nd7 Nc4 43. Nc5 f5 44. a4 Kb4 45. Nd7 Kxa4 46. Kd3 Ka3 47. Kc3 e4 48. Kd4 Kxa2 49. Nf6 Ka3 50. Nd5 Nd2 51. Kc5 Nf1 52. Kxb5 Nxe3 53. Nxe3 f4 54. Nc4+ Ka2 55. Kb4 e3 56. Kc3 1/2-1/2

[Event "Weekend Groninger Combinatie 2019"]
[Site "Groningen"]
[Date "2019.06.01"]
[Round "5.5"]
[White "Elgersma, Simon"]
[Black "Hilwerda, Jonas"]
[Result "1-0"]
[ECO "C55"]
[WhiteElo "2088"]
[BlackElo "2317"]
[Annotator "ChessBase"]
[PlyCount "89"]
[EventDate "2019.05.30"]
[EventType "swiss"]
[EventCountry "NED"]
[SourceTitle "playchess.com"]
[Source "ChessBase"]
[SourceQuality "1"]
[TimeControl "5400+30"]

1. e4 e5 2. Nf3 Nc6 3. Bb5 a6 4. Ba4 Nf6 5. O-O Be7 6. d3 b5 7. Bb3 d6 8. a4 Bd7 9. c3 O-O 10. Nbd2 Na5 11. Bc2 c5 12. Re1 Nc6 13. Nf1 h6 14. Ne3 Re8 15. Nd5 Nxd5 16. exd5 Na5 17. b4 Nb7 18. a5 cxb4 19. cxb4 f5 20. Bb2 Bf6 21. Bb3 g5 22. Rc1 g4 23. Nd2 Qe7 24. f4 Kg7 25. d4 e4 26. Rc7 Rab8 27. Nf1 Rec8 28. Qc2 Qf7 29. Ne3 Bd8 30. Rc6 Bxc6 31. dxc6 Qg6 32. Be6 Rc7 33. Nxf5+ Kf8 34. Qxe4 Bf6 35. cxb7 Rbxb7 36. Bd5 Rb8 37. Qe6 Re8 38. Qxd6+ Ree7 39. Qd8+ Qe8 40. Qd6 Qg6 41. Kh1 h5 42. Nxe7 Rxe7 43. Qd8+ Re8 44. Rxe8+ Kg7 45. Rg8+ 1-0

[Event "Weekend Groninger Combinatie 2019"]
[Site "Groningen"]
[Date "2019.06.01"]
[Round "5.6"]
[White "Taal, Rieks"]
[Black "Wempe, Joost"]
[Result "1/2-1/2"]
[ECO "E33"]
[WhiteElo "2078"]
[BlackElo "2261"]
[Annotator "ChessBase"]
[PlyCount "164"]
[EventDate "2019.05.30"]
[EventType "swiss"]
[EventCountry "NED"]
[SourceTitle "playchess.com"]
[Source "ChessBase"]
[SourceQuality "1"]
[TimeControl "5400+30"]

1. c4 Nf6 2. d4 e6 3. Nc3 Bb4 4. Qc2 Nc6 5. Nf3 d6 6. Bd2 O-O 7. a3 Bxc3 8. Bxc3 Qe7 9. e3 e5 10. d5 Nb8 11. Bd3 a5 12. O-O a4 13. c5 Nxd5 14. cxd6 cxd6 15. Bxh7+ Kh8 16. Be4 Nxc3 17. Qxc3 Na6 18. Rfd1 Nc5 19. Bd5 Bg4 20. h3 Bh5 21. e4 Bxf3 22. Qxf3 g6 23. Rd2 Kg7 24. Rad1 Rab8 25. b4 axb3 26. Bxb3 Rfd8 27. Bd5 Ra8 28. Rc2 Ra5 29. Rc3 Rda8 30. h4 Rh8 31. g3 Rb5 32. Rc2 Qf6 33. Qe3 Ra5 34. Kg2 Ra4 35. Rb1 Rb8 36. Rh1 Rd4 37. Rc3 Rh8 38. Qe2 Qd8 39. h5 Qg5 40. Rf3 f5 41. Qb5 Qe7 42. hxg6 Rxh1 43. Rxf5 Kxg6 44. Qe2 Rh4 45. gxh4 Qxh4 46. Rf3 Nxe4 47. Bxe4+ Qxe4 48. Qb5 Qc6 49. Qb1+ Kg7 50. Kg3 d5 51. Qf5 Qg6+ 52. Qxg6+ Kxg6 53. Rb3 Ra4 54. f3 Kf5 55. Kf2 d4 56. Ke2 b5 57. Rxb5 Rxa3 58. Rb8 Ra2+ 59. Kd3 Rf2 60. Rf8+ Ke6 61. Re8+ Kf5 62. Rf8+ Kg5 63. Rf7 Rf1 64. Rf8 Re1 65. Kd2 Re3 66. Rf7 Kh4 67. f4 e4 68. Rf8 Kg4 69. f5 Ra3 70. f6 Ra2+ 71. Kc1 Kf3 72. f7 Ra7 73. Rd8 Rxf7 74. Rxd4 Ke3 75. Rd8 Ke2 76. Rd2+ Ke3 77. Rd8 Rc7+ 78. Kd1 Ra7 79. Re8 Ra1+ 80. Kc2 Kf3 81. Kd2 e3+ 82. Rxe3+ Kf2 1/2-1/2

[Event "Weekend Groninger Combinatie 2019"]
[Site "Groningen"]
[Date "2019.06.01"]
[Round "5.7"]
[White "Wuijts, Johan"]
[Black "Pel, Bonno"]
[Result "0-1"]
[ECO "A42"]
[WhiteElo "1969"]
[BlackElo "2260"]
[Annotator "ChessBase"]
[PlyCount "32"]
[EventDate "2019.05.30"]
[EventType "swiss"]
[EventCountry "NED"]
[SourceTitle "playchess.com"]
[Source "ChessBase"]
[SourceQuality "1"]
[TimeControl "5400+30"]

1. c4 g6 2. d4 d6 3. Nc3 Bg7 4. e4 e5 5. d5 a5 6. Be3 f5 7. f3 Nf6 8. Bd3 O-O 9. Qc2 Na6 10. O-O-O Nb4 11. Qb1 c6 12. a3 cxd5 13. cxd5 Nxd3+ 14. Qxd3 Bd7 15. Kb1 b5 16. Ka2 b4 0-1

[Event "Weekend Groninger Combinatie 2019"]
[Site "Groningen"]
[Date "2019.06.01"]
[Round "5.8"]
[White "Duijker, Rick"]
[Black "Pellikaan, Govert"]
[Result "1-0"]
[ECO "A45"]
[WhiteElo "2164"]
[BlackElo "1980"]
[Annotator "ChessBase"]
[PlyCount "113"]
[EventDate "2019.05.30"]
[EventType "swiss"]
[EventCountry "NED"]
[SourceTitle "playchess.com"]
[Source "ChessBase"]
[SourceQuality "1"]
[TimeControl "5400+30"]

1. d4 Nf6 2. Bg5 Ne4 3. Bf4 d5 4. e3 c5 5. Bd3 cxd4 6. exd4 Qb6 7. Nc3 Bf5 8. Nb5 Na6 9. f3 Rc8 10. c3 g5 11. Be3 Nb8 12. fxe4 dxe4 13. Be2 a6 14. Qb3 axb5 15. Qxb5+ Qxb5 16. Bxb5+ Nd7 17. Ne2 h6 18. Ng3 Bg6 19. h4 g4 20. h5 Bh7 21. Rf1 e6 22. Bxd7+ Kxd7 23. Rxf7+ Kc6 24. Rf6 Kd5 25. Ne2 Bf5 26. Ng3 Be7 27. Rxh6 Bh4 28. Kf2 Rxh6 29. Bxh6 e3+ 30. Bxe3 Rf8 31. Bf4 Be4 32. Ke3 Bxg2 33. Rg1 Bxg3 34. Bxg3 Rf3+ 35. Ke2 Rxg3 36. Kf2 Rh3 37. Rxg2 Rxh5 38. Rxg4 Kc4 39. Rg2 Kd3 40. Kf3 Rf5+ 41. Kg4 Rf8 42. Rh2 b5 43. a3 Ke4 44. Re2+ Kd3 45. Re5 Rb8 46. Rxe6 Kc2 47. Re2+ Kd3 48. Rh2 Ke4 49. Kg5 Kd3 50. Kf6 Ke4 51. Ke6 Rb6+ 52. Kd7 Rg6 53. Rh5 b4 54. axb4 Rg2 55. b5 Rxb2 56. Kc6 Rc2 57. Rc5 {[%emt 0:05:09] Kd5+} 1-0

[Event "Weekend Groninger Combinatie 2019"]
[Site "Groningen"]
[Date "2019.06.01"]
[Round "5.9"]
[White "De Boer, Bas"]
[Black "Oord, Raymon"]
[Result "1-0"]
[ECO "A17"]
[WhiteElo "2095"]
[BlackElo "1948"]
[Annotator "NA"]
[PlyCount "93"]
[EventDate "2019.05.30"]
[EventType "swiss"]
[EventCountry "NED"]
[SourceTitle "playchess.com"]
[Source "ChessBase"]
[SourceQuality "1"]
[TimeControl "5400+30"]

1. Nf3 Nf6 2. c4 e6 3. Nc3 d5 4. e3 Be7 5. b3 c5 6. Bb2 Nc6 $11 7. cxd5 exd5 8. d4 O-O 9. Be2 cxd4 10. Nxd4 Bc5 11. Ncb5 a6 12. Nxc6 bxc6 13. Nd4 Bb4+ 14. Kf1 Qd6 15. Qc2 Bd7 16. Rd1 Ba3 17. Ba1 Rfe8 18. Bd3 Bg4 19. Re1 c5 20. Nf5 Bxf5 21. Bxf5 h6 22. h4 Rad8 23. g4 d4 24. g5 Qc6 25. Rg1 Nd5 26. Bxd4 Qb5+ 27. Bd3 Qd7 28. Bh7+ Kf8 29. Bxc5+ Bxc5 30. Qxc5+ Re7 31. Rg3 hxg5 32. hxg5 f6 33. gxf6 Nxf6 34. Bf5 Qb5+ 35. Qxb5 axb5 36. Rc1 Ra7 37. a4 bxa4 38. bxa4 Rxa4 39. Rc7 Ra5 40. Be6 Rd6 41. Bc4 Rd7 42. Rc8+ Ne8 43. Rf3+ Ke7 44. Rf7+ Kd6 45. Rxe8 Rxf7 46. Bxf7 Rf5 47. Bc4 1-0

[Event "Weekend Groninger Combinatie 2019"]
[Site "Groningen"]
[Date "2019.06.01"]
[Round "5.10"]
[White "Seijen, Henk"]
[Black "Schulz, Daniel"]
[Result "1-0"]
[ECO "C05"]
[WhiteElo "1750"]
[BlackElo "2092"]
[Annotator "NA"]
[PlyCount "45"]
[EventDate "2019.05.30"]
[EventType "swiss"]
[EventCountry "NED"]
[SourceTitle "playchess.com"]
[Source "ChessBase"]
[SourceQuality "1"]
[TimeControl "5400+30"]

1. e4 e6 2. d4 d5 3. Nd2 Nf6 4. Bd3 c5 5. c3 Nc6 6. Ngf3 cxd4 7. cxd4 Nb4 8. Bb1 dxe4 9. Nxe4 Be7 10. O-O h6 11. Nxf6+ Bxf6 12. Re1 Be7 13. Ne5 O-O 14. a3 Nd5 15. Qd3 Nf6 16. Ng4 Re8 17. Bd2 a5 18. Re3 b6 19. Rg3 h5 20. Nh6+ Kf8 21. Nxf7 Qd5 22. Qg6 Ng4 23. Ne5 1-0